 Dungeon Crawl Stone Soup version 0.29-a0-275-g389c0b56f3 (webtiles) character file.

Game seed: 13777894443782292655

105 testman the Ruffian (level 4, -7/41 HPs)
             Began as a Ghoul Monk on Mar 9, 2022.
             Mangled by a gnoll
             ... wielding a +0 flail
              (9 damage)
             ... on level 2 of the Dungeon.
             The game lasted 00:03:59 (2291 turns).

testman the Ruffian (Ghoul Monk)                    Turns: 2291, Time: 00:04:00

Health: -7/41      AC:  7    Str: 15 (16) XL:     4   Next: 83%
Magic:  3/3        EV:  9    Int:  3 (5)  God:
Gold:   90         SH:  0    Dex: 10 (11) Spells: 3/3 levels left

rFire   . . .      SeeInvis .     - Unarmed
rCold   + . .      Faith    .   (no shield)
rNeg    + + +      Spirit   .   l - +0 scale mail
rPois   ∞          Reflect  .   o - +0 helmet
rElec   .          Harm     .   (no cloak)
rCorr   .          Rampage  .   (no gloves)
Will    .....                   (no boots)
Stlth   ..........              (no amulet)
HPRegen 0.00/turn               (no ring)
MPRegen 0.08/turn               (no ring)

@: inhibited regen
A: claws 1, cold resistance 1, negative energy resistance 3, inhibited
regeneration, torment resistance 2
a: no special abilities


You were on level 2 of the Dungeon.
You visited 1 branch of the dungeon, and saw 3 of its levels.

You collected 90 gold pieces.

Inventory:

Missiles
 c - 55 stones (quivered)
 n - 5 curare-tipped darts
Armour
 a - a +0 robe
 l - a +0 scale mail (worn)
 o - a +0 helmet (worn)
Scrolls
 d - 2 scrolls of teleportation {unknown}
 e - a scroll of amnesia {unknown}
 f - 6 scrolls of identify {unknown}
 g - a scroll of torment {unknown}
 h - a scroll of silence {unknown}
 i - a scroll of noise {unknown}
 k - a scroll of vulnerability {unknown}
Potions
 m - a potion of curing {unknown}


   Skills:
 + Level 4.7 Fighting
 - Level 2.6 Dodging
 - Level 2.1 Stealth
 + Level 4.8 Unarmed Combat


You had 3 spell levels left.
You didn't know any spells.
Your spell library was empty.

Dungeon Overview and Level Annotations

Branches:
Dungeon (3/15)

Altars:
Beogh


Innate Abilities, Weirdness & Mutations

You thrive by killing the living.
You are immune to poison.
You have sharp fingernails.
Your flesh is cold resistant. (rC+)
You are immune to negative energy. (rN+++)
You do not regenerate when monsters are visible.
You are immune to unholy pain and torment.


Message History

* * * LOW HITPOINT WARNING * * *
You see here a +0 dagger.
The gnoll attacks as you move away! The gnoll hits you with a +0 flail.
* * * LOW HITPOINT WARNING * * *
There is a stone staircase leading up here.
The gnoll misses you.
The gnoll hits you from afar with a +0 halberd.
* * * LOW HITPOINT WARNING * * *
You climb upwards.
There is a stone staircase leading down here.
Sorry, you're not good enough to have a special ability.
You are confused.
You feel invigorated. The gnoll barely misses you.
You're too confused to move!
The gnoll barely misses you.
You bump into the rock wall.
You feel less invigorated.
You feel less confused. The gnoll closely misses you.
You barely miss the gnoll. The gnoll hits you with a +0 flail.
* * * LOW HITPOINT WARNING * * *
You scratch the gnoll but do no damage. The gnoll hits you with a +0 flail.
* * * LOW HITPOINT WARNING * * *
You scratch the gnoll.
The gnoll is moderately wounded.
The gnoll hits you but does no damage.
You scratch the gnoll.
The gnoll is heavily wounded.
The gnoll barely misses you.
You barely miss the gnoll.
The gnoll is heavily wounded.
It was a potion of mutation.
You feel extremely strange.
Your body decomposes!
You feel dopey.
Your body decomposes!
You feel clumsy.
Your body decomposes!
You feel dopey.
Your body decomposes!
You feel weakened. The gnoll hits you with a +0 flail!
You die...

#...# #.#.# #.#.# ###
###########.#.# ..#
#.............##
#.############.######.......#
#.##........##.# #.##.##.#
#†##........##.### #.##.##.#
...............g@# #.##....#
#...........#########.#######
#.÷.........##.....##.#
#†.†........#.......#.####
##†##.......#.......#....#
##..##......#.......####.###
.†...#......#....<.........#
.....#......#.......########
....#########.......#


You could see a gnoll.

Vanquished Creatures
  A gnoll (D:3)
  An adder (D:2)
  2 worms (D:2)
  5 dart slugs (D:1)
  3 endoplasms
  4 giant cockroaches
  3 goblins
  4 hobgoblins
  11 jackals
  A kobold (D:1)
  3 quokkas
  3 ball pythons (D:1)
  5 bats
  4 frilled lizards
  23 rats
73 creatures vanquished.

Notes
Turn   | Place    | Note
-------+----------+-------------------------------------------
     0 | D:1      | testman the Ghoul Monk began the quest for the Orb.
     0 | D:1      | Reached XP level 1. HP: 19/19 MP: 0/0
    65 | D:1      | Reached XP level 2. HP: 26/26 MP: 1/1
   477 | D:1      | Reached XP level 3. HP: 31/33 MP: 2/2
   564 | D:1      | Found a faded altar of an unknown god.
  1599 | D:2      | Reached XP level 4. HP: 19/41 MP: 3/3
  2281 | D:3      | HP: 1/41 [gnoll/+0 halberd (4)]
  2287 | D:2      | HP: 2/41 [gnoll/+0 flail (6)]
  2291 | D:2      | Mangled by a gnoll

Illustrated notes

Levels and vault maps discovered:
D:1:      giann_horns, layout_basic, hellmonk_ecumenical_altar_defaced_shrine,
          chequers_serial_rivers_small_3
D:2:      cheibrodos_old_hovel, layout_basic, minmay_rat_hole
D:3:      layout_basic, mainiacjoe_overflow_small_starburst, feat_on_display,
          uniq_robin

Skill      XL: |  1  2  3 |
---------------+----------+-----
Fighting       | 4 |  4.7
Unarmed Combat | 4 |  4.8
Dodging        | |  2.6
Stealth        | |  2.1

Action                   |  1- 3 |  4- 6 || total
-------------------------+-------+-------++-------
Melee: Unarmed           |   148 |    94 ||   242
       Punch             |     3 |     2 ||     5
  Use: Potion            |       |     2 ||     2
 Stab: Sleeping          |     3 |     1 ||     4
Armor: Robe              |    30 |     8 ||    38
       Scale mail        |       |     4 ||     4
Dodge: Dodged            |   103 |    52 ||   155

Table legend: (Time is in decaauts)
 A = Elapsed time spent in this place.
 B = Non-inter-level travel time spent in this place.
 C = Inter-level travel time spent in this place.
 D = Time resting spent in this place.
 E = Time spent auto-exploring this place.
 F = Levels seen in this place.
 G = Mean time per level.
                   A        B        C        D        E       F      G
               +--------+--------+--------+--------+--------+-----+--------+
         Total |   2277 |   2190 |     87 |    382 |   1383 |   3 |  759.0 |
       Dungeon |   2277 |   2190 |     87 |    382 |   1383 |   3 |  759.0 |
               +--------+--------+--------+--------+--------+-----+--------+

Top non-repeatable levels by time:
     D:1: 1399 daAuts
     D:2: 861 daAuts
     D:3: 16 daAuts
